 Dungeon Crawl Stone Soup version 0.31-a0-705-ga145531891 (webtiles) character file.

Game seed: 4216995875790721217

30 Ekaitz the Gusty (level 3, -5/20 HPs)
             Began as a Tengu Air Elementalist on Sept 10, 2023.
             Slain by a gnoll
             ... wielding a +0 spear
              (7 damage)
             ... on level 2 of the Dungeon.
             The game lasted 00:01:41 (918 turns).

Ekaitz the Gusty (Tengu Air Elementalist)            Turns: 918, Time: 00:01:42

Health: -5/20      AC:  2    Str:  8    XL:     3   Next: 20%
Magic:  0/7        EV: 28    Int: 15    God:
Gold:   13         SH:  0    Dex: 16    Spells: 3/6 levels left

rFire   . . .        h - +2 spear (freeze)
rCold   . . .        (no shield)
rNeg    . . .        a - +0 robe
rPois   .            (helmet restricted)
rElec   .            (no cloak)
rCorr   .            (no gloves)
SInv    .            (boots unavailable)
Will    .....        (no amulet)
Stlth   ++           (no ring)
HPRegen 0.23/turn    (no ring)
MPRegen 0.10/turn

%: acrobat
@: acrobatic
A: beak, talons 3, acrobatic
a: no special abilities


You were on level 2 of the Dungeon.
You visited 1 branch of the dungeon, and saw 2 of its levels.

You collected 13 gold pieces.

Inventory:

Hand Weapons
 h - a +2 spear of freezing (weapon)
Armour
 a - a +0 robe (worn)
Scrolls
 c - a scroll of blinking {unknown}
 f - a scroll of revelation {unknown}
 g - a scroll of torment {unknown}
Potions
 b - a potion of magic
 d - a potion of heal wounds {unknown}
 e - a potion of lignification {unknown}


   Skills:
 * Level 0.5 Fighting
 * Level 2.6 Dodging
 + Level 2.0 Stealth
 + Level 2.1 Spellcasting
 + Level 1.6 Conjurations
 * Level 4.9 Air Magic


You had 3 spell levels left.
You knew the following spells:

 Your Spells              Type           Power      Damage    Failure   Level
a - Shock                 Conj/Air       44%        1d5       5%          1
b - Static Discharge      Conj/Air       22%        2-3/arc   9%          2

Your spell library contained the following spells:

 Spells                   Type           Power      Damage    Failure   Level
 Swiftness                Air            16%        N/A       9%          3
 Airstrike                Air            8%         2d(2-18)  28%         4


Dungeon Overview and Level Annotations

Branches:
Dungeon (1/15)

Altars:


Innate Abilities, Weirdness & Mutations

You have a beak for a mouth.
You have claws for feet.
You can magically evade attacks while moving or waiting.


Message History

The endoplasm is moderately wounded.
The gnoll hits you from afar with a +0 halberd.
Unknown command.
The gnoll attacks as it pursues you! The gnoll closely misses you.
You see here a dart slug corpse.
The gnoll misses you.
Casting: Shock (safe; 6% risk of failure)
Confirm with . or Enter, or press ? or * to list all spells.
Aiming: Shock (safe; 6% risk of failure)
Press: ? - help, Shift-Dir - straight line The zap hits the gnoll.
The gnoll is severely wounded.
The zap hits the gnoll.
The gnoll is almost dead.
The gnoll hits you from afar with a +0 spear.
The gnoll misses you.
Unknown command.
Casting: Shock (safe; 6% risk of failure)
Confirm with . or Enter, or press ? or * to list all spells.
You don't have enough magic to cast this spell.
You don't have enough magic to cast this spell.
Unknown command.
You see here a dart slug corpse.
Casting: Shock (safe; 6% risk of failure)
Confirm with . or Enter, or press ? or * to list all spells.
Aiming: Shock (safe; 6% risk of failure)
Press: ? - help, Shift-Dir - straight line, f - gnoll
Aim: a gnoll, wielding a +0 halberd (almost dead, 72% to hit)
The zap misses the gnoll.
The zap hits the gnoll.
You kill the gnoll!
The zap misses the gnoll.
The gnoll hits you from afar with a +0 spear.
* * * LOW HITPOINT WARNING * * *
You have reached level 3!
Your experience leads to an increase in your attributes!
Increase (S)trength, (I)ntelligence, or (D)exterity?
You feel agile. x2
The gnoll attacks as it pursues you!
The gnoll hits you from afar with a +0 spear!
You die...

.###..# #.> .#
......#
#†.###.####.
.#.#..#
###...........
.#.#..#
..#....J...J..
...#..# #.# #g#
...#..# #.# #.#
......### #.# #g#
........# #.# #.#
..###)#.###.####@#
#.# #.#..........#
##. #.#..##.######
....#..##.#
.......##.#
.....###.# ###..#
#.# .... ..# ....#
###


You could see 2 gnolls and an endoplasm.

Vanquished Creatures
  A gnoll (D:2)
  A dart slug (D:2)
  A ball python (D:2)
  A bat (D:1)
  2 endoplasms (D:1)
  2 hobgoblins
  5 goblins
  2 kobolds
  2 rats (D:2)
17 creatures vanquished.

Notes
Turn   | Place    | Note
-------+----------+-------------------------------------------
     0 | D:1      | Ekaitz the Tengu Air Elementalist began the quest for the
                  | Orb.
     0 | D:1      | Reached XP level 1. HP: 10/10 MP: 4/4
   324 | D:1      | Reached XP level 2. HP: 16/16 MP: 1/6
   327 | D:1      | Learned a level 2 spell: Static Discharge
   498 | D:1      | You fall into a shaft and drop 1 floor!
   678 | D:2      | Found a faded altar of an unknown god.
   918 | D:2      | Reached XP level 3. HP: 2/20 MP: 0/7
   918 | D:2      | Slain by a gnoll

Illustrated notes

Levels and vault maps discovered:
D:1:      matt_arrival_grand_opening, layout_loops_ring
D:2:      layout_loops_ring, ebering_ecumenical_altar_box

Action                     || total
---------------------------++-------
  Melee: Unarmed           ||     1
   Cast: Shock             ||    46
 Armour: Robe              ||     5
  Dodge: Dodged            ||     8

Table legend: (Time is in decaauts)
 A = Elapsed time spent in this place.
 B = Non-inter-level travel time spent in this place.
 C = Inter-level travel time spent in this place.
 D = Time resting spent in this place.
 E = Time spent auto-exploring this place.
 F = Levels seen in this place.
 G = Mean time per level.
                   A        B        C        D        E       F      G
               +--------+--------+--------+--------+--------+-----+--------+
         Total |    917 |    917 |      0 |      0 |    807 |   2 |  458.5 |
       Dungeon |    917 |    917 |      0 |      0 |    807 |   2 |  458.5 |
               +--------+--------+--------+--------+--------+-----+--------+

Top non-repeatable levels by time:
     D:1: 498 daAuts
     D:2: 419 daAuts
